 Seeded DCSS version 0.31-a0-217-g58bb5d79cf (webtiles) character file.

Game seed: 13275427502194390118 (custom seed)

6 rocky1 the Grave Robber (level 1, 13/13 HPs)
             Began as a Demonspawn Necromancer on July 3, 2023.
             Quit the game on level 1 of the Dungeon.
             The game lasted 00:01:12 (602 turns).

rocky1 the Grave Robber (Demonspawn Necromancer)     Turns: 602, Time: 00:01:13

Health: 13/13      AC:  2    Str: 14    XL:     1   Next: 75%
Magic:  3/3        EV: 12    Int: 16    God:
Gold:   0          SH:  0    Dex: 13    Spells: 3/4 levels left

rFire   . . .        c - staff of death
rCold   . . .        (no shield)
rNeg    + . .        a - +0 robe
rPois   .            (no helmet)
rElec   .            (no cloak)
rCorr   .            (no gloves)
SInv    .            (no boots)
Will    .....        (no amulet)
Stlth   ++           d - +6 ring of strength
HPRegen 0.22/turn    (no ring)
MPRegen 0.08/turn

%: no passive effects
@: no status effects
A: no striking features
a: no special abilities


You were on level 1 of the Dungeon.
You visited 1 branch of the dungeon, and saw 1 of its levels.

Inventory:

Armour
 a - a +0 robe (worn)
Magical Staves
 c - a staff of death (weapon)
Jewellery
 d - a +6 ring of strength (left hand)
Scrolls
 e - a scroll of teleportation {unknown}
Potions
 b - a potion of magic


   Skills:
 * Level 0.1 Fighting
 * Level 0.1 Staves
 - Level 1.7 Dodging
 - Level 1.7 Stealth
 + Level 2.0 Spellcasting
 * Level 4.6 Necromancy
 * Level 0.1 Evocations


You had 3 spell levels left.
You knew the following spells:

 Your Spells              Type           Power      Damage    Failure   Level
a - Necrotise             Necr           96%        1d8       3%          1

Your spell library contained the following spells:

 Spells                   Type           Power      Damage    Failure   Level
 Vampiric Draining        Necr           24%        2d7       9%          3
 Ozocubu's Armour         Ice            1%         N/A       52%         3
 Animate Dead             Necr           24%        N/A       30%         4
 Agony                    Necr           24%        N/A       63%         5
 Metabolic Englaciation   Hex/Ice        0%         N/A       99%         5
 Simulacrum               Ice/Necr       6%         N/A       100%        6


Dungeon Overview and Level Annotations

Branches:
Dungeon (1/15)

Altars:

Shops:
D:1 =[


Message History

The goblin hits your bat skeleton with a +0 club.
Your bat skeleton misses the goblin.
Casting: Necrotise (safe; 3% risk of failure)
Confirm with . or Enter, or press ? or * to list all spells.
You don't have enough magic to cast this spell.
You don't have enough magic to cast this spell.
Your bat skeleton closely misses the goblin.
Your bat skeleton misses the goblin.
The goblin hits your bat skeleton with a +0 club.
Your bat skeleton hits the goblin.
The goblin dies!
Your bat skeleton hits the rat.
The rat bites your bat skeleton.
Your bat skeleton barely misses the rat.
Your bat skeleton hits the rat but does no damage. x2
The rat bites your bat skeleton.
Your bat skeleton is destroyed!
The rat misses you.
You closely miss the rat.
The rat is heavily wounded.
The rat bites you but does no damage. x2
You hit the rat but do no damage.
The rat is heavily wounded.
The rat bites you.
You hit the rat.
You kill the rat!
Things that are here:
a +0 club; a rat corpse
Things that are here:
a +0 club; a rat corpse You pick up a book of Winter and begin reading...
You add the spells Ozocubu's Armour, Metabolic Englaciation and Simulacrum to your library.
Found Saufiugh's Armour Emporium.
Found a club.
There is an entrance to Saufiugh's Armour Emporium here.
You start waiting.
Done waiting.
You start waiting.
A goblin comes into view. It is wielding a +0 mace.
A goblin is nearby!
Are you sure you want to abandon this character and quit the game? (Confirm with "yes".)

#.####..... #.# #.#...
#### #.# #.#... ... #.#
#.#.## #.#### #.# #.#.#
####....## #.# #.#.# .
.........######. #.#.# #.
#............ #.#.#
#.####....@# #.#.#
##.........## #.#.#
..........#####
#######.#.# ........#.#
#.. ..........#
)...g.....# #.#
#######.### #######.#)#
#.# #.#
........#.###.#########.#
#######.................#
###################


You could see a goblin (wandering).

Vanquished Creatures
  2 bats (D:1)
  A quokka (D:1)
  A rat (D:1)
4 creatures vanquished.

Vanquished Creatures (collateral kills)
  A goblin (D:1)
1 creature vanquished.

Grand Total: 5 creatures vanquished

Notes
Turn   | Place    | Note
-------+----------+-------------------------------------------
     0 | D:1      | rocky1 the Demonspawn Necromancer began the quest for the
                  | Orb.
     0 | D:1      | Reached XP level 1. HP: 13/13 MP: 3/3
    14 | D:1      | Found Onlezats's Jewellery Emporium.
   491 | D:1      | Found Saufiugh's Armour Emporium.
   602 | D:1      | Quit the game

Illustrated notes

Levels and vault maps discovered:
D:1:      erik_arrival_blinker_ship, layout_loops_ring, serial_shops, shop,
          shop, shop, nicolae_shop_rolling_square

Action                     || total
---------------------------++-------
  Melee: Staff             ||    12
   Cast: Necrotise         ||     6
 Armour: Robe              ||     5
  Dodge: Dodged            ||    11

Table legend: (Time is in decaauts)
 A = Elapsed time spent in this place.
 B = Non-inter-level travel time spent in this place.
 C = Inter-level travel time spent in this place.
 D = Time resting spent in this place.
 E = Time spent auto-exploring this place.
 F = Levels seen in this place.
 G = Mean time per level.
                   A        B        C        D        E       F      G
               +--------+--------+--------+--------+--------+-----+--------+
         Total |    603 |    603 |      0 |    337 |    208 |   1 |  603.0 |
       Dungeon |    603 |    603 |      0 |    337 |    208 |   1 |  603.0 |
               +--------+--------+--------+--------+--------+-----+--------+

Top non-repeatable levels by time:
     D:1: 603 daAuts
